 Dungeon Crawl Stone Soup version 0.31.0-11-ge490571c62 (webtiles) character file.

Game seed: 14019368494541875360

241 qw the Shooter (level 5, 0/26 HPs)
             Began as a Spriggan Hunter on Feb 4, 2024.
             Slain by a gnoll
             ... wielding a +0 spear
              (6 damage)
             ... on level 4 of the Dungeon.
             The game lasted 00:00:09 (2040 turns).

qw the Shooter (Spriggan Hunter)                    Turns: 2040, Time: 00:00:09

Health: 0/26       AC:  2    Str:  7    XL:     5   Next: 80%
Magic:  6/6        EV: 20    Int: 11    God:
Gold:   103        SH:  0    Dex: 20    Spells: 4/4 levels left

rFire   . . .        a - +0 shortbow
rCold   . . .        (shield currently unavailable)
rNeg    . . .        c - +0 robe
rPois   .            (helmet restricted)
rElec   .            (no cloak)
rCorr   .            (gloves unavailable)
SInv    +            (boots unavailable)
Will    .....        (no amulet)
Stlth   ++           (no ring)
HPRegen 0.24/turn    (no ring)
MPRegen 0.10/turn

%: no passive effects
@: lethally poisoned (0 -> -4), very quick
A: very small, no large weapons, unfitting armour, see invisible, speed 3
a: no special abilities


You were on level 4 of the Dungeon.
You visited 1 branch of the dungeon, and saw 4 of its levels.

You collected 159 gold pieces.
You spent 56 gold pieces at shops.


Innate Abilities, Weirdness & Mutations

You are very small and have problems with some larger weapons.
You are too small for most types of armour.
You have supernaturally acute eyesight. (SInv)
You cover ground extremely quickly. (Speed+++)


   Skills:
 - Level 2.1 Fighting
 - Level 6.0 Ranged Weapons
 + Level 5.1 Dodging
 - Level 1.5 Stealth


You had 4 spell levels left.
You didn't know any spells.
Your spell library was empty.

Inventory:

Hand Weapons
 a - a +0 shortbow (weapon)
Armour
 c - a +0 robe (worn)
Jewellery
 l - an amulet of reflection
Wands
 h - a wand of digging (7)
Scrolls
 b - a scroll of identify
 f - a scroll of enchant armour
 g - a scroll of teleportation
 i - a scroll of noise {unknown}
 j - a scroll of enchant weapon {unknown}
 k - 2 scrolls of blinking {unknown}
Potions
 d - 3 potions of curing
 e - a potion of resistance

Dungeon Overview and Level Annotations

Branches:
Dungeon (4/15)
 Temple: D:4-7

Altars:

Shops:
D:2 ?((


Message History

The endoplasm is moderately wounded.
You shoot an arrow. The arrow barely misses the endoplasm.
You shoot an arrow. The arrow hits the endoplasm.
You kill the endoplasm!
k - a scroll labelled XIRPHU NYK WIB
l - an amulet of reflection
k - 2 scrolls labelled XIRPHU NYK WIB (gained 1)
You see here a +0 club.
Found a stone staircase leading down.
There is a stone staircase leading down here. 3 gnolls come into view.
A gnoll is wielding a +2 spear of venom.
Found 12 gold pieces.
The gnoll shouts! x3
You shoot an arrow. The arrow hits the gnoll.
The gnoll is lightly wounded.
A gnoll comes into view. It is wielding a +0 flail.
You shoot an arrow. The arrow barely misses the gnoll.
The gnoll shouts!
You shoot an arrow. The arrow hits the gnoll.
The gnoll is moderately wounded.
You shoot an arrow. The arrow hits the gnoll!
The gnoll is almost dead.
You shoot an arrow. The arrow completely misses the gnoll.
You shoot an arrow. The arrow hits the gnoll.
You kill the gnoll!
The gnoll hits you from afar with a +2 spear of venom!
You are poisoned.
You shoot an arrow. The arrow hits the gnoll.
The gnoll is heavily wounded.
You feel very sick.
The gnoll hits you from afar with a +2 spear of venom!
You shoot an arrow. The arrow hits the gnoll!
You kill the gnoll!
You feel sick.
Your Ranged Weapons skill increases to level 6!
You shoot an arrow. The arrow barely misses the gnoll.
You feel sick.
The gnoll hits you from afar with a +0 spear.
You die...

#..# #.#
###.### #.#
####.....# #.#
# #......#.#
#># .
##.###.##.###.#
#......# .$#.#
## ##...####
#.#.# .# #...##
#.#.# .###.#.#
#.@.# .....#.#
#.).# .......#
#g#..# .##....#
#g##.# .##.##.#
#. .. ....##..#
#. ..# ..###
#..# #. .## ###
#.# .. ...# .#


You could see 2 gnolls.

Vanquished Creatures
  An orc priest (D:4)
  Terence (D:2)
  6 gnolls
  4 adders
  2 ribbon worms
  3 dart slugs
  5 orcs
  3 ball pythons
  3 bats
  11 endoplasms
  A giant cockroach (D:1)
  7 goblins
  6 hobgoblins
  4 jackals (D:1)
  6 kobolds
  6 quokkas
  5 frilled lizards
  3 rats
77 creatures vanquished.

Notes
Turn   | Place    | Note
-------+----------+-------------------------------------------
     0 | D:1      | qw the Spriggan Hunter began the quest for the Orb.
     0 | D:1      | Reached XP level 1. HP: 10/10 MP: 2/2
     0 | D:1      | 0 ||| qw: Version: 0.3-a-160-g6735b56
     0 | D:1      | 0 ||| qw: Game counter: 4910
     0 | D:1      | 0 ||| qw: Melee chars always use a shield: true
     0 | D:1      | 0 ||| qw: God list: Okawaru
     0 | D:1      | 0 ||| qw: Allow faded altars: false
     0 | D:1      | 0 ||| qw: Do Orc after clearing Dungeon:15 true
     0 | D:1      | 0 ||| qw: Do second Lair branch before Depths: true
     0 | D:1      | 0 ||| qw: Lair rune preference: random
     0 | D:1      | 0 ||| qw: Goals: Normal
     0 | D:1      | 0 ||| PLANNING D:1-11
    23 | D:1      | Reached skill level 3 in Dodging
    51 | D:1      | Reached XP level 2. HP: 14/14 MP: 3/3
   144 | D:1      | Found a faded altar of an unknown god.
   245 | D:1      | Reached XP level 3. HP: 18/18 MP: 4/4
   571 | D:1      | 571 ||| READING scroll labelled DAOTWI CIPHIYTT.
   572 | D:1      | 572 ||| DRINKING 2 glowing emerald potions.
   573 | D:1      | 573 ||| DROPPING scroll of butterflies.
   574 | D:1      | 574 ||| DROPPING potion of brilliance.
   715 | D:2      | Noticed Terence
   725 | D:2      | Killed Terence
   726 | D:2      | Reached skill level 5 in Ranged Weapons
   726 | D:2      | Reached XP level 4. HP: 22/22 MP: 5/5
   910 | D:2      | Found Cyny Evax's Antique Weapon Shoppe.
  1001 | D:2      | Found Basaclu's Magic Scroll Emporium.
  1009 | D:2      | 1009 ||| SHOPLISTING scroll of enchant armour (105 gold,
                  | have 69).
  1009 | D:2      | 1009 ||| BUYING scroll of identify (28 gold).
  1009 | D:2      | Bought a scroll of identify for 28 gold pieces
  1009 | D:2      | 1009 ||| BUYING scroll of identify (28 gold).
  1009 | D:2      | Bought a scroll of identify for 28 gold pieces
  1009 | D:2      | 1009 ||| SHOPLISTING scroll of teleportation (42 gold, have
                  | 13).
  1050 | D:2      | Found Dunwuq's Weapon Shoppe.
  1229 | D:2      | 1229 ||| READING 4 scrolls of identify.
  1229 | D:2      | 1229 ||| IDENTIFYING blue potion
  1230 | D:2      | 1230 ||| READING 3 scrolls of identify.
  1230 | D:2      | 1230 ||| IDENTIFYING purple potion
  1231 | D:2      | 1231 ||| READING 2 scrolls of identify.
  1231 | D:2      | 1231 ||| IDENTIFYING scroll labelled YHOKHOTRANOA
  1256 | D:3      | 1256 ||| STAIRDANCE
  1262 | D:3      | 1262 ||| STAIRDANCE
  1269 | D:3      | 1269 ||| STAIRDANCE
  1323 | D:3      | 1323 ||| STAIRDANCE
  1357 | D:3      | 1357 ||| STAIRDANCE
  1365 | D:3      | Reached XP level 5. HP: 26/26 MP: 6/6
  1367 | D:3      | 1367 ||| STAIRDANCE
  1856 | D:3      | 1856 ||| READING 2 scrolls of identify.
  1856 | D:3      | 1856 ||| IDENTIFYING scroll labelled ZUBRYV YRREXUY
  2040 | D:4      | Reached skill level 6 in Ranged Weapons
  2040 | D:4      | HP: 6/26 [poisoned by a gnoll]
  2040 | D:4      | Slain by a gnoll

Levels and vault maps discovered:
D:1:      saegor_arrival_simple_a, layout_basic,
          chequers_ecumenical_altar_island, minmay_pentomino_t2
D:2:      layout_basic, serial_shops, nicolae_shop_competitors_out_of_business,
          nicolae_shop_bloodbath_and_beyond, nicolae_shop_dealshenge,
          uniq_terence
D:3:      layout_rooms
D:4:      layout_rooms, fedhas_altar_decomposition

Skill      XL: |  1  2  3  4  5 |
---------------+----------------+-----
Dodging        | 3 4 5 |  5.1
Ranged Weapons | 5 6 |  6.0
Fighting       | 2 |  2.1
Stealth        | |  1.5

Action                     |  1- 3 |  4- 6 || total
---------------------------+-------+-------++-------
   Fire: Shortbow          |    94 |   128 ||   222
    Use: Scroll            |     1 |     4 ||     5
         Potion            |     1 |       ||     1
 Armour: Robe              |    17 |    24 ||    41
  Dodge: Dodged            |    48 |    71 ||   119

Table legend:
 A = Non-vault XP
 B = Vault XP
 C = Vault XP percentage of total XP
 D = Non-vault monster count
 E = Vault monster count
 F = Vault count percentage of total count
                 A         B        C        D         E       F
            +---------+---------+-------+---------+---------+-------
      Total |     305 |      40 |  11.6 |      74 |       3 |   3.9
            +---------+---------+-------+---------+---------+-------
        D:1 |      50 |       4 |   7.4 |      21 |       2 |   8.7
        D:2 |      89 |      36 |  28.8 |      28 |       1 |   3.4
        D:3 |      77 |       0 |   0.0 |      13 |       0 |   0.0
        D:4 |      89 |       0 |   0.0 |      12 |       0 |   0.0
            +---------+---------+-------+---------+---------+-------
